 Dungeon Crawl Stone Soup version 0.20-a0-792-g09bcfd3 (webtiles) character file.

212 GlassEater the Firebug (level 5, -4/28 HPs)
             Began as a Deep Elf Fire Elementalist on Mar 1, 2017.
             Slain by a scorpion (7 damage)
             ... on level 5 of the Dungeon on Mar 2, 2017.
             The game lasted 00:05:22 (2561 turns).

GlassEater the Firebug (Deep Elf Fire Elementalist) Turns: 2561, Time: 00:05:23

Health: -4/28      AC:  2    Str:  5    XL:     5   Next: 58%
Magic:  0/13       EV: 13    Int: 21    God:
Gold:   86         SH:  0    Dex: 15    Spells: 3/12 levels left

rFire    + . .     SeeInvis +   e - +1 dagger (freeze)
rCold    x . .     Gourm    .   a - +0 robe
rNeg     . . .     Faith    .   (no shield)
rPois    .         Spirit   +   (no helmet)
rElec    .         Reflect  .   (no cloak)
rCorr    .         Harm     .   (no gloves)
MR       .....                  (no boots)
Stlth    +++.......             i - amulet of guardian spirit
Regen    0.1/turn               q - ring of see invisible
MPRegen  0.2/turn               o - ring of fire

@: very slightly contaminated
A: no striking features
a: no special abilities


You were on level 5 of the Dungeon.
You were hungry.

You visited 1 branch of the dungeon, and saw 5 of its levels.

You collected 86 gold pieces.

Inventory:

Hand Weapons
 e - a +1 dagger of freezing (weapon)
Armour
 a - a +0 robe (worn)
Jewellery
 i - an amulet of guardian spirit (around neck)
 o - a ring of fire (left hand)
 q - a ring of see invisible (right hand)
Scrolls
 l - a scroll of immolation {unknown}
 n - 2 scrolls of identify
 s - a scroll of enchant weapon
 t - a scroll of amnesia {unknown}
Potions
 g - a potion of lignification {unknown}
 h - 2 potions of heal wounds {unknown}
 m - a potion of curing {unknown}
 p - 2 potions of might
 u - a potion of invisibility {unknown}
Books
 b - a book of Flames

   Spells                             Type                      Level
   a - Flame Tongue                   Conjuration/Fire             1
   b - Throw Flame                    Conjuration/Fire             2
   c - Conjure Flame                  Conjuration/Fire             3
   d - Inner Flame                    Hexes/Fire                   3
   e - Sticky Flame                   Conjuration/Fire             4
   f - Fireball                       Conjuration/Fire             5
Comestibles
 c - 2 bread rations
 f - a chunk of flesh
 j - 2 meat rations
 r - 4 fruits


   Skills:
 + Level 3.2 Dodging
 + Level 4.1 Stealth
 + Level 4.2 Spellcasting
 + Level 2.3 Conjurations
 + Level 5.0 Fire Magic


You had 3 spell levels left.
You knew the following spells:

 Your Spells              Type           Power        Failure   Level  Hunger
a - Flame Tongue          Conj/Fire      ####.        2%          1    None
b - Throw Flame           Conj/Fire      ####..       4%          2    #......
c - Conjure Flame         Conj/Fire      ####....     10%         3    ###....
d - Inner Flame           Hex/Fire       ###.....     14%         3    ###....


Dungeon Overview and Level Annotations

Branches:
Dungeon (6/15)             Temple (0/1) D:5

Altars:
Ru
Uskayaw


Message History

Aim: a scorpion (lightly wounded)
You feel a surge of power!
You miscast Flame Tongue.
You are very lightly contaminated with residual magic.
Nothing appears to happen.
As you read the scroll labeled POMYNN XETEB, it crumbles to dust.
You feel aware of your surroundings.
It was a scroll of magic mapping.
The scorpion stings you.
As you read the scroll labeled OHAIMOETEA, it crumbles to dust.
You hear a lullaby played backwards.
It was a scroll of random uselessness.
The scorpion closely misses you.
As you read the scroll labeled UMEFAT SEONOSK, it crumbles to dust.
It is a scroll of identify.
p - 2 potions of might The scorpion stings you.
* * * LOW HITPOINT WARNING * * *
As you read the scroll labeled KESERCHECZIFF, it crumbles to dust.
It is a scroll of enchant weapon.
Your +0 dagger of freezing glows red for a moment.
The scorpion stings you!
You die...

##..........## *,,,,,,,
##............##
**,,,,,,
##..............#
**,,,,,
*#...........>...#
***,,,
**................#
****
*,................# *
**.......>........#
*................#
*(.........s@....#
*................#
*...............##
*#...#......_..##
##...#........# ******
##...###.....#**,,,,***
**#.,*#######,,,,,,,,*
* **,,,** *,,,,,,,,,*
*** **,,,**
*,,,,,,,,,***,,


You could see a scorpion.

Vanquished Creatures
  An ogre (D:3)
  An orc wizard (D:2)
  3 adders (D:2)
  An ooze (D:1)
  2 dart slugs (D:1)
  A leopard gecko (D:2)
  5 bats
  A giant cockroach (D:2)
  11 goblins
  5 hobgoblins (D:1)
  8 jackals
  5 kobolds
  2 quokkas (D:2)
  2 ball pythons (D:2)
  4 frilled lizards
  9 rats
61 creatures vanquished.

Notes
Turn   | Place    | Note
-------+----------+-------------------------------------------
     0 | D:1      | GlassEater the Deep Elf Fire Elementalist began the quest for the Orb.
     0 | D:1      | Reached XP level 1. HP: 10/10 MP: 6/6
   118 | D:1      | Reached XP level 2. HP: 15/15 MP: 4/8
   253 | D:1      | Reached skill level 4 in Fire Magic
   419 | D:1      | Learned a level 2 spell: Throw Flame
   711 | D:1      | Reached XP level 3. HP: 19/19 MP: 6/9
   843 | D:1      | Learned a level 3 spell: Conjure Flame
  1357 | D:2      | Found a sacrificial altar of Ru.
  1370 | D:2      | Reached XP level 4. HP: 20/24 MP: 0/11
  1622 | D:2      | Learned a level 3 spell: Inner Flame
  2524 | D:3      | Noticed an ogre
  2531 | D:3      | Killed an ogre
  2531 | D:3      | Reached skill level 5 in Fire Magic
  2531 | D:3      | Reached XP level 5. HP: 28/28 MP: 1/13
  2535 | D:3      | You fall through a shaft for 3 floors!
  2547 | D:5      | Entered Level 5 of the Dungeon
  2547 | D:5      | Found a hide-covered altar of Uskayaw.
  2561 | D:5      | Slain by a scorpion

Vault maps used:
D:1:      onia_arrival_pentagram, minmay_pentomino_w4
D:2:      nicolae_ru_great_annihilating_truth
D:5:      minmay_temple_entry_grid, basic_altar, first_bread

Skill      XL: |  1  2  3  4 |
---------------+-------------+-----
Fire Magic     | 4 5 |  5.0
Stealth        | 3 4 |  4.1
Dodging        | 3 |  3.2
Spellcasting   | 4 |  4.2
Conjurations   | 2 |  2.3

Action                   |  1- 3 |  4- 6 || total
-------------------------+-------+-------++-------
Melee: Dagger            |    48 |    56 ||   104
 Cast: Flame Tongue      |    46 |    10 ||    56
       Throw Flame       |     3 |    17 ||    20
  Use: Scroll            |       |     4 ||     4
 Stab: Sleeping          |     5 |     5 ||    10
       Paralysed         |     1 |       ||     1
  Eat: Chunk             |     1 |     4 ||     5
Armor: Robe              |    11 |    16 ||    27
Dodge: Dodged            |    49 |    52 ||   101
